 Dungeon Crawl Stone Soup version 0.29-a0-876-gfc89b1a5bd (webtiles) character file.

Game seed: 13205982583928307273

12 Monkooky the Stinger (level 2, 0/20 HPs)
             Began as a Meteoran Wanderer on July 19, 2022.
             Was a Follower of Dithmenos.
             Slain by a jackal (1 damage)
             ... on level 1 of the Dungeon.
             The game lasted 00:03:02 (294 turns).

Monkooky the Stinger (Meteoran Wanderer)             Turns: 294, Time: 00:03:02

Health: 0/20       AC:  3    Str: 15    XL:     2   Next: 64%
Magic:  1/5        EV: 11    Int: 13    God:    Dithmenos [*.....]
Gold:   26         SH:  0    Dex: 11    Spells: 2/3 levels left

rFire   . . .      SeeInvis .   h - +0 dagger
rCold   . . .      Faith    .   (no shield)
rNeg    . . .      Spirit   .   c - +0 leather armour
rPois   .          Reflect  .   (no helmet)
rElec   .          Harm     .   (no cloak)
rCorr   .          Rampage  .   (no gloves)
Will    .....                   (no boots)
Stlth   +.........              (no amulet)
HPRegen 0.06/turn               (no ring)
MPRegen 0.09/turn               (no ring)

@: flying, glowing
A: sense surroundings 1, otherworldly, glowing, explore regen
a: Renounce Religion


You were on level 1 of the Dungeon.
You worshipped Dithmenos.
Dithmenos was aware of your devotion.
You visited 1 branch of the dungeon, and saw 1 of its levels.

You collected 26 gold pieces.

Inventory:

Hand Weapons
 a - a +0 club
 h - a +0 dagger (weapon)
Armour
 c - a +0 leather armour (worn)
Wands
 d - a wand of polymorph (3)
Scrolls
 b - a scroll of teleportation
 e - a scroll of fog {unknown}
 f - a scroll of poison {unknown}
Potions
 i - a potion of magic {unknown}


   Skills:
 - Level 1.2 Throwing
 - Level 1.2 Dodging
 - Level 1.3 Spellcasting
 - Level 1.2 Earth Magic
 + Level 4.5 Poison Magic
 - Level 1.2 Invocations
 - Level 2.4 Evocations


You had 2 spell levels left.
You knew the following spells:

 Your Spells              Type           Power      Damage    Failure   Level
a - Sting                 Tmut/Pois      24%        1d4       13%         1

Your spell library contained the following spells:

 Spells                   Type           Power      Damage    Failure   Level
 Sandblast                Erth           8%         2d5       21%         1
 Magic Dart               Conj           0%         1d3       32%         1
 Call Imp                 Summ           0%         N/A       45%         2
 Olgreb's Toxic Radiance  Pois           12%        N/A       45%         4
 Ignite Poison            Fire/Tmut/Pois 4%         N/A       47%         3
 Mephitic Cloud           Conj/Pois/Air  4%         N/A       47%         3
 Stone Arrow              Conj/Erth      4%         3d7       61%         3


Dungeon Overview and Level Annotations

Branches:
Dungeon (1/15) Zot: 305

Altars:
Dithmenos


Innate Abilities, Weirdness & Mutations

You passively map a small area around you.
You are easily found by Zot.
You glow in the dark.
You regain HP and MP as you explore.


Message History

The jackal is poisoned.
The jackal barely misses you.
You closely miss the jackal.
The jackal bites you but does no damage.
The jackal bites you.
Aiming: Sting (safe; 14% risk of failure)
Press: ? - help, Q - select action, (/) - cycle Shift-Dir - straight line, f/p - endoplasm
Aim: an endoplasm (heavily wounded, 97% to hit)
The sting hits the jackal but does no damage.
The jackal looks even sicker.
The jackal is lightly wounded.
The jackal bites you but does no damage.
The jackal closely misses you.
You hit the jackal but do no damage.
The jackal is severely wounded.
The jackal barely misses you.
Aiming: Sting (safe; 14% risk of failure)
Press: ? - help, Q - select action, (/) - cycle Shift-Dir - straight line, f - kobold
Aim: a kobold, wielding a +0 short sword and quivering stones (60% to hit)
The sting misses the kobold.
Unknown command.
You kill the jackal!
Dithmenos accepts your kill.
The jackal bites you but does no damage.
The kobold closely misses you. The jackal misses you.
The jackal attacks as you move away! The jackal barely misses you.
The kobold hits you with a +0 short sword.
The jackal bites you but does no damage.
The kobold attacks as you move away!
The kobold hits you with a +0 short sword.
* * * LOW HITPOINT WARNING * * *
The jackal bites you.
* * * LOW HITPOINT WARNING * * *
The kobold attacks as you move away!
The kobold hits you with a +0 short sword.
* * * LOW HITPOINT WARNING * * *
It was a potion of flight.
You feel very buoyant.
You fly up into the air.
The jackal bites you.
You die...

, .... , .. .. *,, ** #.....#
#.#.....#...# ### ###.###.#
###.#.....#.#.##,.#. ####...#####
.....^.........#* .. #..#..###.##
......##...##..####.##....####...
..................#..#..### #..#.
..................##.#.######....
#.#....#.###.#.....#..#.##....##.
................@..###.###.#.###.
.........###.#.##h## #..##.......
..#......###.#.K.J.# #..####.####
.....#......†......# ###.#.......
#.##.#..####.####..####..#.#.####
†................................
...#.##...##...#.#####.....#.##.#
.#.#.##.#.##...#.# #.#.#.#.##..
.#.#♣#♣.♣.♣#♣..#.# #.#.#.#.####


You could see an endoplasm and a jackal.

Vanquished Creatures
  A bat (D:1)
  An endoplasm (D:1)
  A goblin (D:1)
  3 jackals (D:1)
  A kobold (D:1)
  2 ball pythons (D:1)
  A rat (D:1)
10 creatures vanquished.

Notes
Turn   | Place    | Note
-------+----------+-------------------------------------------
     0 | D:1      | Monkooky the Meteoran Wanderer began the quest for the Orb.
     0 | D:1      | Monkooky set off with the following items: a +0 club, a
                  | scroll of teleportation, a +0 leather armour, a wand of
                  | polymorph (3); and the following spells available to
                  | memorise: Sting, Sandblast, Ignite Poison, Olgreb's Toxic
                  | Radiance, Stone Arrow.
     0 | D:1      | Reached XP level 1. HP: 14/14 MP: 3/3
     2 | D:1      | Learned a level 1 spell: Sting
    70 | D:1      | Reached skill level 4 in Poison Magic
    70 | D:1      | Reached XP level 2. HP: 18/20 MP: 3/5
   112 | D:1      | Found a faded altar of an unknown god.
   125 | D:1      | Prayed at the altar of an unknown god.
   125 | D:1      | Became a worshipper of Dithmenos the Shadowed
   125 | D:1      | Reached * piety under Dithmenos
   293 | D:1      | HP: 1/20 [kobold/+0 short sword (2)]
   294 | D:1      | Slain by a jackal

Illustrated notes

Levels and vault maps discovered:
D:1:      lemuel_arrival_tunnels, layout_basic, serial_forest,
          infiniplex_forest_clump_long, infiniplex_forest_straight_1,
          infiniplex_forest_end_1, infiniplex_forest_lined_room_3,
          infiniplex_forest_lined_2, infiniplex_forest_clump_tiny,
          hellmonk_ecumenical_altar_heavens_door, st_stairs_7,
          minmay_indecisive_spiral

Skill      XL: |  1 |
---------------+----+-----
Poison Magic   | 4 |  4.5
Throwing       | |  1.2
Dodging        | |  1.2
Spellcasting   | |  1.3
Earth Magic    | |  1.2
Invocations    | |  1.2
Evocations     | |  2.4

Action                   || total
-------------------------++-------
Melee: Club              ||     1
       Punch             ||     1
       Dagger            ||    18
 Cast: Sting             ||    14
  Use: Potion            ||     1
Armor: Leather armour    ||    16
Dodge: Dodged            ||    21

Table legend: (Time is in decaauts)
 A = Elapsed time spent in this place.
 B = Non-inter-level travel time spent in this place.
 C = Inter-level travel time spent in this place.
 D = Time resting spent in this place.
 E = Time spent auto-exploring this place.
 F = Levels seen in this place.
 G = Mean time per level.
                   A        B        C        D        E       F      G
               +--------+--------+--------+--------+--------+-----+--------+
         Total |    293 |    293 |      0 |      0 |    100 |   1 |  293.0 |
       Dungeon |    293 |    293 |      0 |      0 |    100 |   1 |  293.0 |
               +--------+--------+--------+--------+--------+-----+--------+

Top non-repeatable levels by time:
     D:1: 293 daAuts
